 Dungeon Crawl Stone Soup version 0.18.1-50-g88ac8fd (webtiles) character file.

159 magog001 the Covered (level 5, -17/46 HPs)
             Began as a Minotaur Fighter on Feb 23, 2017.
             Demolished by an ogre
             ... wielding a +0 giant spiked club
              (21 damage)
             ... on level 3 of the Dungeon.
             The game lasted 00:16:40 (3521 turns).

magog001 the Covered (Minotaur Fighter)             Turns: 3521, Time: 00:16:41

Health: -17/46     AC:  9    Str: 21    XL:     5   Next: 17%
Magic:  4/4        EV:  8    Int:  5    God:
Gold:   132        SH:  9    Dex: 10    Spells: 0 memorised, 4 levels left

rFire  . . .     SeeInvis .     a - +0 war axe
rCold  . . .     Gourm    .     b - +0 scale mail
rNeg   . . .     Faith    .     c - +0 shield
rPois  .         Spirit   .     (helmet restricted)
rElec  .         Dismiss  .     (no cloak)
rCorr  .         Reflect  .     s - +0 pair of gloves
SustAt .         Harm     .     D - +0 pair of boots
MR     .....                    (no amulet)
Stlth  ..........               (no ring)
                                (no ring)

@: not resistant to hostile enchantments, extremely unstealthy
A: retaliatory headbutt, horns 2
a: no special abilities


You were on level 3 of the Dungeon.
You were not hungry.

You visited 1 branch of the dungeon, and saw 3 of its levels.

You collected 132 gold pieces.

Inventory:

Hand Weapons
 a - a +0 war axe (weapon)
 B - a +0 blowgun
Missiles
 e - 108 stones (quivered)
 x - 2 curare-tipped needles
 C - 7 poisoned needles
Armour
 b - a +0 scale mail (worn)
 c - a +0 shield (worn)
 k - a +0 buckler
 s - a +0 pair of gloves (worn)
 D - a +0 pair of boots (worn)
Jewellery
 n - an uncursed ring of wizardry {unknown}
 o - an uncursed ring of resist corrosion {unknown}
 y - an uncursed amulet of regeneration {unknown}
Scrolls
 h - 4 scrolls of enchant weapon {unknown}
 i - a scroll of magic mapping {unknown}
 l - a scroll of blinking {unknown}
 p - a scroll of remove curse {unknown}
 v - a scroll of enchant armour {unknown}
 w - a scroll of recharging {unknown}
 A - a scroll of identify {unknown}
Potions
 d - a potion of might
 g - 2 potions of curing {unknown}
 j - a potion of cancellation {unknown}
 q - a potion of lignification {unknown}
 r - a potion of degeneration {unknown}
 u - a potion of resistance {unknown}
 z - a potion of berserk rage {unknown}
Comestibles
 f - a bread ration
 m - a meat ration
 t - 2 chunks of flesh


   Skills:
 + Level 4.2 Fighting
 + Level 3.5 Axes
 + Level 4.7 Armour
 + Level 2.3 Dodging
 + Level 4.4 Shields


You had 4 spell levels left.
You didn't know any spells.

Dungeon Overview and Level Annotations

Branches:
Dungeon (3/15)

Altars:
Qazlal
Xom


Innate Abilities, Weirdness & Mutations

You reflexively headbutt those who attack you in melee.
You have a pair of horns on your head.


Message History

The ogre hits you with a giant spiked club.
Your shield and scale mail prevent you from hitting the ogre.
The ogre is moderately wounded.
The ogre hits you with a giant spiked club!
* * * LOW HITPOINT WARNING * * *
You slash the ogre! Your headbutt misses the ogre.
The ogre is severely wounded.
The ogre hits you with a giant spiked club.
* * * LOW HITPOINT WARNING * * *
The ogre hits you with a giant spiked club.
* * * LOW HITPOINT WARNING * * *
You hit the ogre.
The ogre is severely wounded.
The ogre hits you with a giant spiked club.
* * * LOW HITPOINT WARNING * * *
Your shield and scale mail prevent you from hitting the ogre.
You headbutt the ogre.
The ogre is severely wounded.
The ogre hits you with a giant spiked club!!
You die...

........#..........# ##
..................# #######.
..................########.......
#######...........#..............
..................#........รท.....
..................#........).....
..................#........######
..................##########
.......########.@># .......#
######.O.######### .......#
#....#...##......####### .......#
#................'...... .......#
#........##......#####.. .......#
#................# #.. .......#
#................#####.. .......#
#....................... ..######
#.....#####.............


You could see an ogre.

Vanquished Creatures
  An iguana (D:3)
  6 adders
  An ooze (D:3)
  4 worms
  A dart slug (D:3)
  4 giant geckos
  2 orcs (D:3)
  A giant cockroach (D:2)
  7 goblins
  A hobgoblin (D:1)
  8 jackals
  7 bats
  3 giant newts
  5 kobolds
  5 rats
56 creatures vanquished.

Notes
Turn   | Place    | Note
--------------------------------------------------------------
     0 | D:1      | magog001 the Minotaur Fighter began the quest for the Orb.
     0 | D:1      | Reached XP level 1. HP: 19/19 MP: 0/0
   275 | D:1      | Reached XP level 2. HP: 27/27 MP: 1/1
   719 | D:1      | Reached skill level 1 in Dodging
   846 | D:2      | Reached XP level 3. HP: 23/33 MP: 2/2
  2128 | D:2      | Reached XP level 4. HP: 31/40 MP: 3/3
  2753 | D:3      | Reached XP level 5. HP: 46/46 MP: 4/4
  3238 | D:3      | Found a stormy altar of Qazlal.
  3238 | D:3      | Found a shimmering altar of Xom.
  3496 | D:3      | Noticed an ogre
  3521 | D:3      | Demolished by an ogre

Skill      XL: |  1  2  3 |
---------------+----------+-----
Dodging        | 1 2 |  2.3
Armour         | 4 |  4.7
Shields        | 4 |  4.4
Axes           | 3 |  3.5
Fighting       | 4 |  4.2

Action                   |  1- 3 |  4- 6 || total
-------------------------+-------+-------++-------
Melee: War axe           |    93 |    51 ||   144
       Headbutt          |    10 |     4 ||    14
Throw: Stone             |       |     4 ||     4
  Eat: Chunk             |     3 |     4 ||     7
       Beef jerky        |     1 |       ||     1
Armor: Scale mail        |    54 |    25 ||    79
Dodge: Dodged            |    33 |    23 ||    56
Block: Shield            |    60 |    30 ||    90
